 Dungeon Crawl Stone Soup version 0.19.1 (webtiles) character file.

20754 Gargoyl the Envoy of Void (level 12, -10/91 HPs)
             Began as a Demonspawn Abyssal Knight on Nov 28, 2016.
             Was a High Priest of Lugonu.
             Mangled by a torpor snail (12 damage)
             ... on level 2 of the Lair of Beasts.
             The game lasted 00:38:31 (20600 turns).

Gargoyl the Envoy of Void (DsAK)                   Turns: 20600, Time: 00:38:31

Health: -10/91     AC: 20    Str: 17    XL:     12   Next: 48%
Magic:  19/20      EV: 10    Int: 15    God:    Lugonu [*****.]
Gold:   808        SH:  0    Dex: 12    Spells: 0 memorised, 11 levels left

rFire  + . .     SeeInvis +     J - +2 battleaxe (flame)
rCold  . . .     Gourm    .     l - +0 plate armour {rPois}
rNeg   + . .     Faith    +     (shield currently unavailable)
rPois  +         Spirit   .     (helmet restricted)
rElec  +         Reflect  .     (no cloak)
rCorr  .         Harm     .     e - +2 pair of gloves
MR     +....                    G - +1 pair of boots {Stlth+}
Stlth  ..........               p - amulet of faith
                                v - ring of protection from magic
                                r - ring of positive energy

@: lethally poisoned (-10 -> -10), slowed, very slow
A: horns 1, talons 2, repulsion field 2, see invisible, blink, demonic guardian
1, fire resistance 1, poison resistance, electricity resistance, rot immunity
a: Blink, Depart the Abyss, Bend Space, Banish, Corrupt, Enter the Abyss,
Renounce Religion


You were on level 2 of the Lair of Beasts.
You worshipped Lugonu.
Lugonu was extremely pleased with you.
You were not hungry.

You visited 3 branches of the dungeon, and saw 15 of its levels.
You visited the Abyss 1 time.
You also visited: Sewer and Volcano.

You collected 1317 gold pieces.
You spent 509 gold pieces at shops.

Inventory:

Hand Weapons
 a - a +2 hand axe
 E - a +1 war axe
 J - a +2 battleaxe of flaming (weapon)
Missiles
 d - 4 tomahawks (quivered)
Armour
 e - a +2 pair of gloves (worn)
 l - a +0 plate armour of poison resistance (worn)
 C - a +1 shield
 G - a +1 pair of boots of stealth (worn)
Jewellery
 p - an amulet of faith (around neck)
 r - a ring of positive energy (left hand)
 v - a ring of protection from magic (right hand)
 N - a +2 amulet of reflection {unknown}
Wands
 g - a wand of digging (15/24)
 h - a wand of random effects (48/48)
 w - a wand of acid (0/15)
 x - a wand of lightning (6/15)
 z - a wand of iceblast (8/15)
 K - a wand of slowing (23/48)
Scrolls
 b - 3 scrolls of remove curse
 f - a scroll of fog
 k - 8 scrolls of teleportation
 o - 2 scrolls of blinking
 s - 3 scrolls of magic mapping
 y - 4 scrolls of fear
 L - a scroll of identify
 M - a scroll of recharging
Potions
 i - a potion of flight
 j - a potion of brilliance
 n - a potion of berserk rage {unknown}
 q - 2 potions of might
 t - 2 potions of degeneration {unknown}
 u - a potion of haste
 A - a potion of resistance {unknown}
 B - a potion of agility
Books
 m - a book of Frost

   Spells                             Type                      Level
   a - Freeze                         Ice                          1
   b - Throw Frost                    Conjuration/Ice              2
   c - Ozocubu's Armour               Charms/Ice                   3
   d - Throw Icicle                   Conjuration/Ice              4
   e - Summon Ice Beast               Ice/Summoning                4
 I - a book of Maledictions

   Spells                             Type                      Level
   a - Corona                         Hexes                        1
   b - Ensorcelled Hibernation        Hexes/Ice                    2
   c - Confuse                        Hexes                        3
   d - Tukima's Dance                 Hexes                        3
   e - Dazzling Spray                 Conjuration/Hexes            3
Comestibles
 c - 5 bread rations
 D - 4 beef jerkies
 F - 10 slices of pizza
 H - 3 meat rations


   Skills:
 + Level 7.3 Fighting
 + Level 10.7 Axes
 + Level 0.6 Throwing
 * Level 10.9 Armour
 + Level 2.0 Dodging
 + Level 5.4 Shields
 * Level 11.9 Invocations
 + Level 1.1 Evocations


You had 11 spell levels left.
You didn't know any spells.

Dungeon Overview and Level Annotations

Branches:
Dungeon (11/15)            Temple (0/1) D:7            Lair (2/6) D:11
    Orc (2/2) D:9
  Swamp: Lair:2-4    Shoals: Lair:2-4     Snake: Lair:2-4    Spider: Lair:2-4
    Elf: Orc:2

Altars:
Fedhas
Gozag
Hepliaklqana
Kikubaaqudgha
Makhleb
Nemelex Xobeh
Qazlal
Trog
Vehumet
Xom
The Shining One

Shops:
D:6 *   D:8 :   D:11 %*?

Annotations:
Orc:2 Saint Roka
Abyss:1 Gastronok, Sonja


Innate Abilities, Weirdness & Mutations

You have razor-sharp toenails.
You are surrounded by a moderate repulsion field. (EV +3)
A weak demonic guardian rushes to your aid.
Your flesh is heat resistant. (rF+)
You are immune to rotting.
You have a pair of small horns on your head.
You have supernaturally acute eyesight. (SInv)
You can translocate small distances at will.
Your system is resistant to poisons. (rPois)
You are resistant to electric shocks. (rElec)


Message History

The torpor snail is severely wounded.
You feel sick. The torpor snail completely misses you.
Your quasit bites the torpor snail but does no damage.
Your quasit claws the torpor snail.
Your quasit claws the torpor snail but does no damage.
The torpor snail bites your quasit.
Your plate armour prevents you from hitting the torpor snail.
You headbutt the torpor snail.
The torpor snail is severely wounded.
Your quasit bites the torpor snail but does no damage.
Your quasit claws the torpor snail but does no damage. x2
The torpor snail bites you!
* * * LOW HITPOINT WARNING * * *
Your quasit bites the torpor snail but does no damage.
Your quasit claws the torpor snail but does no damage.
Your quasit claws the torpor snail.
You hit the torpor snail but do no damage.
The torpor snail is severely wounded.
You feel sick. The torpor snail bites you!
You die...

##.#.... . ... #P.#....
.. .... #..#.... ...
....# ..... ... .....
####.P. .. .
.#...####.#..#+##.#.§.#
#..............(K......
#............(........
##.....@...#..#.#...##.
#.....w.†#######..###
.#.....5.## ..# ..
..........# %.# ..
#.#..##..## ..# .. .
### #..## ... .. #...#
# ## ##.## #
.####P##...#


You could see a torpor snail and a friendly quasit.

Vanquished Creatures
  Harold (Orc:1)
  A hydra (Lair:1)
  The ghost of Gargoyl the Envoy of Void, a novice DsAK of Lugonu (D:10)
  An orc high priest (Orc:1)
  An unseen horror (D:11)
  A hill giant (D:10)
  An orc sorcerer (Orc:1)
  2 molten gargoyles (Volcano)
  4 spiny frogs (Lair:1)
  3 two-headed ogres
  3 hippogriffs
  3 dream sheep (Lair:2)
  A vampire (D:10)
  A human (D:7)
  13 yaks
  5 fire bats (Volcano)
  3 hogs (D:7)
  3 hungry ghosts
  2 steam dragons (Volcano)
  A warg (Orc:1)
  4 water moccasins
  A soldier ant (D:11)
  8 orc warriors
  3 porcupines (Lair:1)
  A black bear (D:9)
  2 ice beasts
  4 ogres
  2 sky beasts
  3 phantoms
  5 crocodiles
  6 centaurs
  Blork the orc (D:5)
  2 big kobolds
  5 bullfrogs
  4 scorpions
  10 killer bees (D:10)
  4 wights (D:6)
  6 howler monkeys
  4 jellies
  5 crimson imps
  6 lava snakes (Volcano)
  7 hounds
  3 orc priests
  9 orc wizards
  A bullfrog skeleton (D:11)
  A gnoll shaman (D:10)
  5 iguanas
  7 worker ants
  2 hound skeletons
  A worker ant zombie (D:10)
  8 gnolls
  A howler monkey skeleton (D:6)
  16 adders
  2 shadow imps
  12 oozes
  3 adder zombies
  An adder skeleton (D:4)
  5 worms
  3 dart slugs
  13 leopard geckos
  28 orcs
  14 giant cockroaches
  4 goblins
  5 hobgoblins
  3 jackals (D:6)
  5 quokkas
  15 ball pythons
  10 bats
  19 frilled lizards
  16 kobolds
  A leopard gecko skeleton (D:6)
  2 leopard gecko zombies (D:7)
  A quokka skeleton (D:6)
  4 rats
364 creatures vanquished.

Vanquished Creatures (collateral kills)
  2 trolls
  2 hippogriffs
  A hungry ghost (D:8)
  A fire bat (Volcano)
  A hog (D:7)
  A water moccasin (D:10)
  4 ogres
  A wolf (Lair:1)
  2 bullfrogs
  A scorpion (D:6)
  A killer bee (D:10)
  A wight (D:6)
  A crimson imp (D:10)
  2 hounds (D:10)
  2 bullfrog skeletons
  An iguana (Lair:1)
  2 orc wizards
  A hound skeleton (D:8)
  2 adders
  A leopard gecko (D:4)
  2 orcs
  A jackal skeleton (D:4)
33 creatures vanquished.

Vanquished Creatures (others)
  A fire dragon (Volcano)
  A hell hog (Volcano)
  An ugly thing (D:11)
  A warg (Orc:1)
  A hell hound (Volcano)
  An orc wizard (Orc:1)
  An orc (Orc:1)
  A lurking horror (Abyss:2)
8 creatures vanquished.

Grand Total: 405 creatures vanquished

Notes
Turn   | Place    | Note
-------+----------+-------------------------------------------
     0 | Abyss:1  | Gargoyl the Demonspawn Abyssal Knight began the quest for the Orb.
     0 | Abyss:1  | Reached XP level 1. HP: 18/18 MP: 2/2
    44 | Abyss:2  | Found a corrupted altar of Lugonu.
    60 | D:1      | Escaped the Abyss
   370 | D:1      | Reached * piety under Lugonu
   411 | D:1      | Gained mutation: You are surrounded by a mild repulsion field. (EV +2) [demonic ancestry]
   411 | D:1      | Reached XP level 2. HP: 23/24 MP: 3/3
  1147 | D:2      | Gained mutation: You are surrounded by a moderate repulsion field. (EV +3) [demonic ancestry]
  1147 | D:2      | Reached XP level 3. HP: 28/29 MP: 5/5
  1205 | D:2      | Reached skill level 3 in Invocations
  1278 | D:2      | Found an opulent altar of Gozag.
  1534 | D:2      | Reached skill level 1 in Dodging
  1534 | D:2      | Reached XP level 4. HP: 24/36 MP: 6/6
  1712 | D:2      | Reached ** piety under Lugonu
  1820 | D:2      | Found a burning altar of Makhleb.
  2198 | D:3      | Found a glowing drain.
  2240 | D:3      | Reached XP level 5. HP: 10/42 MP: 7/7
  2406 | Sewer    | Entered a sewer
  2600 | Sewer    | Reached *** piety under Lugonu
  3272 | Sewer    | Reached skill level 4 in Invocations
  3272 | Sewer    | Reached **** piety under Lugonu
  3291 | Sewer    | Gained mutation: A weak demonic guardian rushes to your aid. [demonic ancestry]
  3291 | Sewer    | Reached XP level 6. HP: 30/48 MP: 9/9
  3778 | D:3      | Noticed a sky beast
  3802 | D:3      | Killed a sky beast
  3807 | D:3      | Gained mutation: Your system is resistant to poisons. (rPois) [mutagenic meat]
  3808 | D:3      | Gained mutation: You have large cloven feet. [mutagenic meat]
  3809 | D:3      | Gained mutation: You have hoof-like feet. [mutagenic meat]
  4163 | D:4      | Lost mutation: You have hoof-like feet. [demonic ancestry]
  4163 | D:4      | Lost mutation: You have large cloven feet. [demonic ancestry]
  4163 | D:4      | Gained mutation: You have sharp toenails. [demonic ancestry]
  4163 | D:4      | Reached XP level 7. HP: 51/54 MP: 10/10
  4451 | D:4      | Found a shimmering altar of Xom.
  4943 | D:5      | Entered Level 5 of the Dungeon
  4943 | D:5      | Noticed Blork the orc
  4980 | D:5      | Reached ***** piety under Lugonu
  4985 | D:5      | Killed Blork the orc
  5071 | D:5      | Reached skill level 5 in Axes
  5071 | D:5      | Reached skill level 5 in Invocations
  5205 | D:4      | Reached skill level 5 in Armour
  5495 | D:5      | Gained mutation: You have razor-sharp toenails. [demonic ancestry]
  5495 | D:5      | Reached XP level 8. HP: 56/60 MP: 11/11
  5790 | D:5      | Found a stormy altar of Qazlal.
  5791 | D:5      | Found a hazy altar of Hepliaklqana.
  5791 | D:5      | Found a blossoming altar of Fedhas.
  5890 | D:5      | Found a bloodstained altar of Trog.
  6298 | D:6      | Found Jeschax's General Store.
  6326 | D:6      | Bought a scroll of enchant weapon for 82 gold pieces
  6411 | D:6      | Reached skill level 6 in Invocations
  6504 | D:6      | Reached skill level 1 in Shields
  7485 | D:7      | Gained mutation: You are immune to rotting. [demonic ancestry]
  7485 | D:7      | Reached XP level 9. HP: 65/67 MP: 13/13
  7525 | D:7      | Found a staircase to the Ecumenical Temple.
  8036 | D:7      | Reached skill level 5 in Fighting
  8040 | D:7      | Reached skill level 7 in Invocations
  8055 | D:7      | Gained mutation: You are agile. (Dex +2) [potion of mutation]
  8055 | D:7      | Gained mutation: You are very agile. (Dex +4) [potion of mutation]
  8055 | D:7      | Gained mutation: You tend to lose your temper in combat. [potion of mutation]
  8290 | D:7      | Found a glowing golden altar of the Shining One.
  8551 | D:8      | Found Ukyvyam's Book Shoppe.
  9091 | D:8      | Gained mutation: You are robust. (+10% HP) [potion of mutation]
  9091 | D:8      | Gained mutation: You are covered in fur. (AC +1) [potion of mutation]
  9092 | D:8      | Gained mutation: You can translocate small distances at will. [potion of mutation]
  9092 | D:8      | Gained mutation: You have supernaturally acute eyesight. (SInv) [potion of mutation]
  9382 | D:9      | Found a staircase to the Orcish Mines.
  9441 | D:9      | Gained mutation: Your flesh is heat resistant. (rF+) [demonic ancestry]
  9441 | D:9      | Reached XP level 10. HP: 81/81 MP: 15/15
  9453 | D:9      | Reached ****** piety under Lugonu
  9729 | D:9      | Found a radiant altar of Vehumet.
  9927 | D:10     | Entered Level 10 of the Dungeon
  9951 | D:10     | Noticed Gargoyl's ghost (novice DsAK)
  9975 | D:10     | Lost mutation: You tend to lose your temper in combat. [potion of cure mutation]
  9975 | D:10     | Lost mutation: You are very agile. (Dex +4) [potion of cure mutation]
  9975 | D:10     | Lost mutation: You are agile. (Dex +2) [potion of cure mutation]
  9975 | D:10     | Lost mutation: You are robust. (+10% HP) [potion of cure mutation]
  9975 | D:10     | Lost mutation: You are covered in fur. (AC +1) [potion of cure mutation]
 10005 | D:10     | Killed Gargoyl's ghost
 10005 | D:10     | Reached skill level 8 in Invocations
 10351 | D:10     | Reached skill level 1 in Evocations
 10522 | D:10     | Noticed a hill giant
 10547 | D:10     | Killed a hill giant
 11368 | D:10     | Gained mutation: You are resistant to electric shocks. (rElec) [mutagenic meat]
 11646 | D:10     | Gained mutation: You have a pair of small horns on your head. [potion of beneficial mutation]
 12085 | D:9      | Found an ancient bone altar of Kikubaaqudgha.
 12085 | D:9      | Found a sparkling altar of Nemelex Xobeh.
 12145 | D:10     | Reached skill level 9 in Invocations
 12840 | Orc:1    | Entered Level 1 of the Orcish Mines
 12899 | Orc:2    | Entered Level 2 of the Orcish Mines
 13364 | Orc:1    | Noticed Gastronok
 13368 | Orc:1    | Banished Gastronok
 13368 | Orc:1    | Reached XP level 11. HP: 81/81 MP: 4/18
 13456 | Orc:1    | Noticed Harold
 13486 | Orc:1    | Killed Harold
 13951 | Orc:2    | Noticed an orc sorcerer
 13953 | Orc:2    | Noticed an orc high priest
 13954 | Orc:2    | Noticed Saint Roka
 13962 | Orc:1    | Noticed an orc high priest
 13971 | Orc:1    | Killed an orc high priest
 13971 | Orc:1    | Reached skill level 10 in Invocations
 13983 | Orc:1    | Noticed a soul eater
 13984 | Orc:1    | Killed an orc sorcerer
 15109 | D:11     | Found Wemuq's Assorted Antiques.
 15413 | D:11     | Bought a potion of curing for 72 gold pieces
 15413 | D:11     | Bought a scroll of blinking for 180 gold pieces
 15491 | D:11     | Found a staircase to the Lair.
 15629 | D:11     | Reached skill level 10 in Armour
 15654 | D:11     | Found Guimigh's Food Shoppe.
 15676 | D:11     | Noticed a brown ugly thing
 15689 | D:11     | Banished a brown ugly thing
 15765 | D:11     | Noticed an unseen horror
 15769 | D:11     | Reached skill level 5 in Shields
 15776 | D:11     | Killed an unseen horror
 16363 | D:11     | Found Mismumoc's Magic Scroll Shop.
 16371 | D:11     | Bought a scroll of teleportation for 39 gold pieces
 16371 | D:11     | Bought a scroll of teleportation for 39 gold pieces
 16371 | D:11     | Bought a scroll of blinking for 97 gold pieces
 16471 | Lair:1   | Entered Level 1 of the Lair of Beasts
 16718 | Lair:1   | Reached skill level 10 in Axes
 16931 | Lair:1   | Found a dark tunnel.
 16940 | Volcano  | Entered a volcano
 17924 | Volcano  | Found a bloodstained altar of Trog.
 17924 | Volcano  | Noticed a hell hog
 17939 | Volcano  | Banished a hell hog
 17939 | Volcano  | Reached XP level 12. HP: 20/89 MP: 15/20
 18298 | Volcano  | Reached skill level 11 in Invocations
 18478 | Volcano  | Noticed a fire dragon
 18493 | Volcano  | Banished a fire dragon
 18976 | Lair:1   | Noticed a seven-headed hydra
 18983 | Lair:1   | Killed a five-headed hydra
 20190 | Lair:2   | Noticed Sonja
 20588 | Lair:2   | Banished Sonja
 20599 | Lair:2   | HP: 3/91 [torpor snail (10)]
 20600 | Lair:2   | Mangled by a torpor snail

Skill      XL: |  1  2  3  4  5  6  7  8  9 10 11 12 |
---------------+-------------------------------------+-----
Axes           | 2 3 4 5 6 7 9 10 | 10.7
Armour         | 2 3 4 5 6 7 9 10 | 10.9
Invocations    | 3 4 5 6 7 9 10 11 | 11.9
Dodging        | 1 2 |  2.0
Fighting       | 4 5 6 7 |  7.3
Shields        | 1 3 4 5 |  5.4
Evocations     | 1 |  1.1
Throwing       | |  0.6

Action                   |  1- 3 |  4- 6 |  7- 9 | 10-12 || total
-------------------------+-------+-------+-------+-------++-------
Melee: Hand axe          |   123 |   319 |   177 |       ||   619
       Kick              |       |     5 |   156 |   206 ||   367
       War axe           |       |       |   391 |   725 ||  1116
       Headbutt          |       |       |       |   114 ||   114
       Battleaxe         |       |       |       |    80 ||    80
Throw: Tomahawk          |       |       |       |    10 ||    10
Invok: Depart the Abyss  |     1 |       |       |       ||     1
       Banish            |       |       |       |    15 ||    15
 Abil: Blink             |       |       |     1 |       ||     1
Evoke: Wand              |       |       |     5 |     6 ||    11
  Use: Scroll            |     3 |     6 |    12 |    12 ||    33
       Potion            |       |       |     7 |    14 ||    21
 Stab: Distracted        |       |       |     3 |     2 ||     5
       Invisible         |       |       |       |     4 ||     4
  Eat: Chunk             |     2 |    12 |    20 |    17 ||    51
       Meat ration       |       |       |     3 |       ||     3
       Bread ration      |       |       |       |     6 ||     6
       Fruit             |       |       |       |     3 ||     3
Armor: Plate armour      |   114 |   275 |   401 |   603 ||  1393
       Skin              |       |       |       |    22 ||    22
Dodge: Dodged            |    52 |   165 |   133 |   306 ||   656
Block: Shield            |       |       |   196 |   414 ||   610
